Unix NetHack Version 3.7.0-88 Work-in-progress - last build Aug 1 2023 00:06:55 (6c2538ef3b57905bfe3a9f43e533da77bea2ed47,branch:master). Game began 2023-08-01 12:19:14, ended 2023-08-01 12:24:35. Arasaka, neutral female human Tourist ----- |....### ----------- |...| ## --------- #..........| ---------- #....| # |.......| ------ #|.........| #|........| #|...| # |.......| #-....| #+.........| #|.........# #|...| ##-.......| #|....| #|......<...# #-........|# #----- |.......| #|....| #|.........|# #----------# ### |.......| #------ #-----------# #### # # -|---|--- ### # ## # # # # #### # # # # # # # # ## # # # # ## # ###### # ## ## # # # ------.-.---.-# ## #--------# ## # |........r@..|# # #-....{.|# #-----# |........d...|# ---------- # |......-# #|....# |...`........-# |!!!!!!!!.|# |....*.| #....| -------------- |!!!!!!!!.-# |.......##########|.>.| ----------- -------- ----- Arasaka the Sightseer St:9 Dx:11 Co:18 In:13 Wi:9 Ch:16 Neutral Dlvl:5 $:1059 HP:0(26) Pw:8(8) AC:9 Xp:3/50 T:1202 Latest messages: You miss the iguana. The iguana bites! You kill the iguana! You see here an iguana corpse. Korone eats an iguana corpse. You swap places with Korone. You swap places with Korone. That door is closed. The door opens. $ - 5 gold pieces (1059 in total). Where do you want to travel to? (For instructions type a '?') You stop. Korone is in the way! Where do you want to travel to? (For instructions type a '?') You hear the footsteps of a guard on patrol. You miss the rock mole. You feel more confident in your fighting skills. (Use the #enhance command to advance them.) You hit the rock mole. You are now more skilled in bare handed combat. You hit the rock mole. The rock mole bites! You miss the rock mole. You hit the rock mole. You miss the rock mole. You miss the rock mole. You miss the rock mole. The rock mole bites! You miss the rock mole. You hit the rock mole. You miss the rock mole. You miss the rock mole. You hit the rock mole. You miss the rock mole. You miss the rock mole. You miss the rock mole. The rock mole bites! You miss the rock mole. You miss the rock mole. You miss the rock mole. The rock mole bites! You miss the rock mole. You miss the rock mole. You miss the rock mole. The rock mole bites! Korone misses the rock mole. You miss the rock mole. The rock mole bites! You die... Inventory: Coins ('$') $ - 1059 gold pieces Weapons (')') a - 30 uncursed +2 darts (at the ready) Armor ('[') s - an uncursed +0 orcish helm (being worn) i - an uncursed +0 Hawaiian shirt with a hibiscus flower motif (being worn) Comestibles ('%') c - 2 uncursed candy bars labeled "Nilla Crunchie" b - 8 uncursed food rations f - 2 uncursed fortune cookies e - an uncursed pancake d - an uncursed tin of sauteed jackal meat Scrolls ('?') t - an uncursed scroll of magic mapping Potions ('!') g - 2 uncursed potions of extra healing C - a cursed potion of object detection Rings ('=') q - a blessed +1 ring of gain strength Tools ('(') k - an uncursed credit card j - an uncursed expensive camera (0:57) Gems/Stones ('*') A - an uncursed fluorite stone Arasaka the Tourist's attributes: Background: You were a Sightseer, a level 3 female human Tourist. You were neutral, nominally on a mission for The Lady who was opposed by Blind Io (lawful) and Offler (chaotic). You were in the Dungeons of Doom, on level 5. You entered the dungeon 1202 turns ago. There was a full moon in effect when your adventure ended. You had 50 experience points, 30 more were needed to attain level 4. Basics: You had 0 out of 26 hit points. You had all 8 energy points (spell power). Your armor class was 9. Your wallet contained 1059 zorkmids. Autopickup was on for '$"?' plus thrown, with exceptions. Final Characteristics: Your strength was 9 (limit:18/100). Your dexterity was 11 (limit:18). Your constitution was 18 (limit:18). Your intelligence was 13 (limit:18). Your wisdom was 9 (limit:18). Your charisma was 16 (limit:18). Final Status: You were not hungry. You were unencumbered. You were bare handed. You had basic skill with bare handed combat. Final Attributes: You were devoutly aligned. You were telepathic. You were lucky. You are dead. Miscellaneous: You disabled loading of bones levels. Total elapsed playing time was 5 minutes and 20 seconds. Major events: Turn 1: Arasaka the neutral female human Tourist entered the dungeon 370: entered the Gnomish Mines 1112: attained the rank of Sightseer (level 3) 1202: killed by a rock mole Vanquished creatures: a shrieker a floating eye an iguana an acid blob a gecko a kobold 2 goblins 3 grid bugs 2 lichens 2 kobold zombies 5 newts 20 creatures vanquished. No species were genocided or became extinct. Voluntary challenges: You were an atheist. You never hit with a wielded weapon. You were illiterate. You never engraved Elbereth. You never genocided any monsters. You never polymorphed an object. You never changed form. You used no wishes. Achievements: You entered the Gnomish Mines. You entered a shop. You attained the rank of Sightseer. The Dungeons of Doom: levels 1 to 6 Level 1: A sink. Level 2: A fountain. Stairs down to The Gnomish Mines. Level 3: Level 4: Level 5: <- You were here. A potion shop, a fountain. Final resting place for you, killed by a rock mole. Level 6: A grave. The Gnomish Mines: Level 3: Game over: ---------- / \ / REST \ / IN \ / PEACE \ / \ | Arasaka | | 1059 Au | | killed by a rock | | mole | | | | | | 2023 | *| * * * | * _________)/\\_//(\/(/\)/\//\/|_)_______ Aloha Arasaka the Tourist... You died in The Dungeons of Doom on dungeon level 5 with 632 points, and 1059 pieces of gold, after 1202 moves. You were level 3 with a maximum of 26 hit points when you died.